 Dungeon Crawl Stone Soup version 0.18.1-8-gdd0e5ea (webtiles) character file.

294 Metae the Magician (level 6, -6/33 HPs)
             Began as a Deep Elf Fire Elementalist on June 10, 2016.
             Killed by divine providence
             ... invoked by an orc priest
              (13 damage)
             ... on level 4 of the Dungeon.
             The game lasted 00:34:46 (4143 turns).

Metae the Magician (Deep Elf Fire Elementalist)     Turns: 4143, Time: 00:34:46

Health: -6/33      AC:  4    Str:  5    XL:     6   Next: 11%
Magic:  12/14      EV: 14    Int: 25    God:
Gold:   108        SH:  0    Dex: 15    Spells: 4 memorised, 5 levels left

rFire  . . .     SeeInvis .     k - +2 dagger (speed)
rCold  . . .     Gourm    .     a - +0 robe
rNeg   . . .     Faith    .     (no shield)
rPois  .         Spirit   .     v - +0 helmet
rElec  .         Dismiss  .     (no cloak)
rCorr  .         Reflect  .     (no gloves)
SustAt .         Harm     .     r - +0 pair of boots
MR     .....                    (no amulet)
Stlth  ++........               (no ring)
                                x - +3 ring of intelligence

@: not resistant to hostile enchantments, unstealthy
A: no striking features
a: no special abilities


You were on level 4 of the Dungeon.
You were not hungry.

You visited 1 branch of the dungeon, and saw 4 of its levels.

You collected 108 gold pieces.

Inventory:

Hand Weapons
 j - a +3 whip of holy wrath
 k - a +2 dagger of speed (weapon)
Armour
 a - a +0 robe (worn)
 r - a +0 pair of boots (worn)
 v - a +0 helmet (worn)
 y - a cursed +0 scale mail
Jewellery
 x - a +3 ring of intelligence (left hand)
 D - an uncursed ring of magical power {unknown}
Wands
 A - a wand of digging (8/24)
Scrolls
 d - a scroll of enchant weapon
 f - 2 scrolls of remove curse
 i - 2 scrolls of amnesia {unknown}
 m - a scroll of identify
 p - a scroll of blinking {unknown}
 q - a scroll of fog {unknown}
 s - a scroll of noise {unknown}
 z - a scroll of random uselessness {unknown}
Potions
 e - a potion of ambrosia {unknown}
 h - a potion of cure mutation {unknown}
 l - a potion of berserk rage {unknown}
 n - a potion of curing
 t - a potion of lignification {unknown}
 w - a potion of haste {unknown}
 B - a potion of agility {unknown}
Books
 b - a book of Flames

   Spells                             Type                      Level
   a - Flame Tongue                   Conjuration/Fire             1
   b - Throw Flame                    Conjuration/Fire             2
   c - Conjure Flame                  Conjuration/Fire             3
   d - Inner Flame                    Hexes/Fire                   3
   e - Sticky Flame                   Conjuration/Fire             4
   f - Fireball                       Conjuration/Fire             5
Comestibles
 c - 3 bread rations
 g - a royal jelly
 o - 2 beef jerkies
 u - a slice of pizza
 C - a chunk of flesh


   Skills:
 + Level 0.8 Fighting
 + Level 1.0 Short Blades
 - Level 1.0 Maces & Flails
 * Level 3.9 Dodging
 + Level 3.3 Stealth
 * Level 4.6 Spellcasting
 * Level 3.1 Conjurations
 + Level 0.0 Hexes
 * Level 4.2 Fire Magic
 + Level 0.0 Evocations


You had 5 spell levels left.
You knew the following spells:

 Your Spells              Type           Power        Failure   Level  Hunger
a - Flame Tongue          Conj/Fire      ###..        1%          1    None
b - Throw Flame           Conj/Fire      ###...       3%          2    None
c - Conjure Flame         Conj/Fire      ###.....     8%          3    ##.....
d - Inner Flame           Hex/Fire       ###.....     12%         3    ##.....


Dungeon Overview and Level Annotations

Branches:
Dungeon (4/15)
 Temple: D:4-7

Altars:
Dithmenos
Kikubaaqudgha
Makhleb
Nemelex Xobeh
Vehumet
Xom
Zin
The Shining One


Message History

The orc priest is filled with an inner flame.
The orc priest calls down the wrath of Beogh upon you.
Beogh smites you!
The orc priest mumbles some strange prayers to Beogh against you.
Beogh smites you!
The orc priest casts a cantrip, but nothing happens.
There is an open door here.
Casting: Inner Flame
Confirm with . or Enter, or press ? or * to list all spells.
Aiming: Throw Flame
Press: ? - help, Shift-Dir - straight line, f/p - orc priest
Aim: an orc priest, wielding a hand axe and wearing a knobbly peridot ring (inner flame)
The puff of flame hits the orc priest.
The orc priest is severely wounded.
The orc priest invokes the aid of Beogh against you.
Beogh smites you!
* * * LOW HITPOINT WARNING * * *
The orc priest invokes the aid of Beogh against you.
Beogh smites you!
You die...

'### #.# .# #.# .# #.#
.# #####.# .# #.....# .#
#.....# .##### #.....#
.....#############.....#
.....'....o.....@......#
.....###############'#.#
.....# #.#.# .....#
#.#.# .....# #.#.#
.##### #.#.# .# #.#.# .#
#####'#'## .# #.(...(..#


You could see an orc priest (inner flame).

Vanquished Creatures
  A scorpion (D:4)
  Jessica (D:3)
  An iguana (D:4)
  2 orc wizards (D:3)
  6 adders
  An ooze (D:3)
  A worm (D:3)
  A dart slug (D:1)
  2 giant geckos
  2 orcs
  11 bats
  2 giant cockroaches
  6 goblins
  4 hobgoblins
  10 jackals
  3 quokkas
  6 ball pythons
  7 giant newts
  A jackal skeleton (D:4)
  11 kobolds
  9 rats
88 creatures vanquished.

Notes
Turn   | Place    | Note
--------------------------------------------------------------
     0 | D:1      | Metae the Deep Elf Fire Elementalist began the quest for the Orb.
     0 | D:1      | Reached XP level 1. HP: 10/10 MP: 6/6
   488 | D:1      | Reached XP level 2. HP: 15/15 MP: 5/8
   504 | D:1      | Learned a level 2 spell: Throw Flame
  1193 | D:2      | Reached XP level 3. HP: 19/19 MP: 7/10
  1223 | D:2      | Found a radiant altar of Vehumet.
  1315 | D:2      | Found a shimmering altar of Xom.
  1318 | D:2      | Noticed an angel
  1330 | D:2      | Found a glowing silver altar of Zin.
  1827 | D:2      | Reached XP level 4. HP: 24/24 MP: 6/11
  1879 | D:3      | Found a shadowy altar of Dithmenos.
  1894 | D:3      | Found a sparkling altar of Nemelex Xobeh.
  1894 | D:3      | Found a glowing golden altar of the Shining One.
  1895 | D:3      | Found an ancient bone altar of Kikubaaqudgha.
  1897 | D:3      | Found a burning altar of Makhleb.
  2057 | D:3      | Learned a level 3 spell: Conjure Flame
  2135 | D:3      | Reached skill level 1 in Maces & Flails
  2139 | D:3      | Noticed Jessica
  2148 | D:3      | Killed Jessica
  2148 | D:3      | Reached XP level 5. HP: 24/28 MP: 0/13
  3215 | D:4      | Learned a level 3 spell: Inner Flame
  3271 | D:4      | HP: 1/28 [cloud of flame (12)]
  3726 | D:4      | Reached skill level 1 in Short Blades
  3726 | D:4      | Reached XP level 6. HP: 33/33 MP: 4/14
  4143 | D:4      | Killed from afar by an orc priest

Skill      XL: |  1  2  3  4  5 |
---------------+----------------+-----
Conjurations   | 2 3 |  3.1
Stealth        | 3 |  3.3
Dodging        | 3 |  3.9
Maces & Flails | 1 |  1.0
Spellcasting   | 4 |  4.6
Fire Magic     | 4 |  4.2
Short Blades   | 1 |  1.0
Fighting       | |  0.8

Action                   |  1- 3 |  4- 6 || total
-------------------------+-------+-------++-------
Melee: Unarmed           |     2 |       ||     2
       Whip              |     8 |     3 ||    11
       Dagger            |       |     5 ||     5
 Cast: Flame Tongue      |    52 |    46 ||    98
       Throw Flame       |    26 |    53 ||    79
       Inner Flame       |       |     5 ||     5
  Use: Scroll            |       |     4 ||     4
       Potion            |       |     1 ||     1
  Eat: Chunk             |     3 |     3 ||     6
       Meat ration       |       |     1 ||     1
Armor: Robe              |     6 |    13 ||    19
Dodge: Dodged            |    27 |    63 ||    90
